 Dungeon Crawl Stone Soup version 0.29.1-15-g9cfb28693d (webtiles) character file.

Game seed: 15934827442903952104

9 leafyfresh the Sneak (level 2, -6/21 HPs)
             Began as an Octopode Delver on Feb 24, 2023.
             Mangled by a lemure (9 damage)
             ... led by Pikel
             ... on level 5 of the Dungeon.
             The game lasted 00:00:13 (59 turns).

leafyfresh the Sneak (Octopode Delver)                Turns: 59, Time: 00:00:14

Health: -6/21      AC:  1    Str: 11    XL:     2   Next: 12%
Magic:  2/2        EV: 13    Int: 12    God:
Gold:   7          SH:  0    Dex: 13    Spells: 1/1 levels left

rFire   . . .      SeeInvis .   a - +0 short sword
rCold   . . .      Faith    .   (no shield)
rNeg    . . .      Spirit   .   (helmet restricted)
rPois   .          Reflect  .   (no amulet)
rElec   .          Harm     .   (no ring)
rCorr   .          Rampage  .   (no ring)
Will    .....                   (no ring)
Stlth   ++++......              (no ring)
HPRegen 0.07/turn               (no ring)
MPRegen 0.08/turn               (no ring)
                                (no ring)
                                (no ring)

@: no status effects
A: almost no armour, amphibious, 8 rings, camouflage 1, gelatinous body 1,
(nimble swimmer 1), tentacles
a: no special abilities


You were on level 5 of the Dungeon.
You visited 1 branch of the dungeon, and saw 1 of its levels.

You collected 7 gold pieces.

Inventory:

Hand Weapons
 a - a +0 short sword (weapon)
Wands
 f - a wand of digging (3)
Scrolls
 b - a scroll of fog
 c - a scroll of magic mapping
 d - a scroll of fear
 g - 2 scrolls of immolation {unknown}
Potions
 e - a potion of haste


   Skills:
 - Level 3.0 Fighting
 - Level 2.0 Short Blades
 - Level 2.0 Dodging
 + Level 7.2 Stealth


You had one spell level left.
You didn't know any spells.
Your spell library was empty.

Dungeon Overview and Level Annotations

Branches:
Dungeon (5/15)
 Temple: D:4-7

Altars:

Annotations:
D:5 Pikel


Innate Abilities, Weirdness & Mutations

You cannot wear most types of armour.
You are amphibious.
You can wear up to eight rings at the same time.
Your skin changes colour to match your surroundings (Stealth+).
Your rubbery body absorbs attacks. (AC +1, EV +1)
((You are camouflaged when in or above water. (Stealth+)))
You have tentacles for arms and can constrict up to eight enemies at once.


Message History

The helpless adder fails to defend itself.
You puncture the adder!
You kill the adder!
Your Stealth skill increases to level 7!
You have reached level 2!
g - 2 scrolls labelled PETENG AMIUST No target in view!
Found an escape hatch in the floor.
No target in view!
A necrophage comes into view.
A necrophage opens the door.
A necrophage is nearby!
Found a buckler.
Unknown command.
No target in view!
A necrophage is nearby!
Found a spear and a sedimented cyan potion.
You see here a +0 ring mail.
A necrophage is nearby!
An ogre comes into view. It is wielding a +0 giant spiked club.
There are monsters nearby!
Unknown command.
You see here a +0 ring mail.
You open the door.
Pikel and 4 lemures come into view.
Pikel is wielding a +1 whip of electrocution.
The lemure shouts! x2
The lemure moves out of view.
The lemure shouts!
Found 3 stones, 10 gold pieces and a scroll labelled XAEFESCH RUFUI.
The lemure shouts!
There is an open door here.
The lemure closely misses you. The lemure hits you.
The lemure attacks as you move away! The lemure hits you.
The lemure attacks as you move away! The lemure hits you!
* * * LOW HITPOINT WARNING * * *
Pikel shouts!
The lemure attacks as you move away! The lemure hits you!
You die...

#...# #.........
##...########.###....
#....'.n......# ##..#
#...n########## #...
#....# ##.# #...5#
#†# #..K5# ..# #..55#
#### #...@# # #...?#
# #....# # #....# #
#....# # ######


You could see Pikel, 4 lemures and a necrophage.

Vanquished Creatures
  An adder (D:5)
1 creature vanquished.

Notes
Turn   | Place    | Note
-------+----------+-------------------------------------------
     0 | D:5      | leafyfresh the Octopode Delver began the quest for the Orb.
     0 | D:5      | Reached XP level 1. HP: 16/16 MP: 1/1
    20 | D:5      | Reached skill level 7 in Stealth
    20 | D:5      | Reached XP level 2. HP: 21/21 MP: 2/2
    29 | D:5      | Noticed a necrophage
    35 | D:5      | Noticed an ogre
    51 | D:5      | Noticed Pikel
    51 | D:5      | Noticed a lemure
    51 | D:5      | Noticed a lemure
    51 | D:5      | Noticed a lemure
    51 | D:5      | Noticed a lemure
    59 | D:5      | Mangled by a lemure

Illustrated notes

Levels and vault maps discovered:
D:5:      layout_basic, grunt_ministairs_9, uniq_pikel

Skill      XL: |  1 |
---------------+----+-----
Stealth        | 7 |  7.2
Fighting       | |  3.0
Short Blades   | |  2.0
Dodging        | |  2.0

Action                   || total
-------------------------++-------
Melee: Short sword       ||     1
 Stab: Sleeping          ||     1
Dodge: Dodged            ||     1
